 Dungeon Crawl Stone Soup version 0.31-a0-435-g2c6fae2916 (webtiles) character file.

Game seed: 1944817204707126749

161 spiderkeys the Ruffian (level 5, -3/35 HPs)
             Began as an Octopode Shapeshifter on Aug 1, 2023.
             Killed by divine providence
             ... invoked by an orc priest
              (14 damage)
             ... on level 4 of the Dungeon.
             The game lasted 00:02:42 (2295 turns).

spiderkeys the Ruffian (Octopode Shapeshifter)      Turns: 2295, Time: 00:02:43

Health: -3/35      AC:  1    Str: 17    XL:     5   Next: 42%
Magic:  5/5        EV: 13    Int: 10    God:
Gold:   131        SH:  0    Dex: 12    Spells: 4/4 levels left

rFire   . .          .
                       - Unarmed
rCold   . . .        (no shield)
rNeg    . . .        (helmet currently unavailable)
rPois   +            (no amulet)
rElec   .            P - ring of poison resistance
rCorr   .            (no ring)
SInv    .            (no ring)
Will    .....        (no ring)
Stlth   ++           (no ring)
HPRegen 0.25/turn    (no ring)
MPRegen 0.09/turn    (no ring)
                     (no ring)

%: no passive effects
@: beast-form
A: beast (slay +2), almost no armour, amphibious, 8 rings, camouflage 1,
gelatinous body 1, (nimble swimmer 1), tentacles
a: Begin Untransformation


You were on level 4 of the Dungeon.
You were a hulking beast.
You visited 1 branch of the dungeon, and saw 4 of its levels.

You collected 131 gold pieces.


Innate Abilities, Weirdness & Mutations

You are a hulking beast.
Your limbs bulge with bestial killing power. (Slay +2)
You cannot wear most types of armour.
You are amphibious.
You can wear up to eight rings at the same time.
Your skin changes colour to match your surroundings (Stealth+).
Your rubbery body absorbs attacks. (AC +1, EV +1)
((You are camouflaged when in or above water. (Stealth+)))
You have tentacles for arms and can constrict up to eight enemies at once.


   Skills:
 + Level 2.5 Fighting
 + Level 3.2 Dodging
 + Level 3.9 Unarmed Combat
 + Level 3.6 Shapeshifting


You had 4 spell levels left.
You didn't know any spells.
Your spell library contained the following spells:

 Spells                   Type           Power      Damage    Failure   Level
 Sandblast                Erth           0%         2d4       36%         1
 Lesser Beckoning         Tloc           0%         N/A       50%         2
 Passwall                 Tmut/Erth      0%         N/A       50%         2
 Static Discharge         Conj/Air       0%         2-2/arc   50%         2
 Wereblood                Tmut           0%         N/A       50%         2
 Gell's Gravitas          Tloc           0%         N/A       75%         3
 Stone Arrow              Conj/Erth      0%         3d7       75%         3
 Teleport Other           Tloc           0%         N/A       75%         3
 Airstrike                Air            0%         2d(0-16)  98%         4
 Summon Lightning Spire   Summ/Air       0%         N/A       98%         4
 Irradiate                Conj/Tmut      0%         3d11      100%        5

Inventory:

Missiles
 e - 24 stones
 k - a throwing net {=f!f}
Jewellery
 P - a ring of poison resistance (left tentacle)
   (You found it on level 1 of the Dungeon)
Talismans
 b - a beast talisman (active)
Scrolls
 c - a scroll of immolation {!r!r}
 f - a scroll of identify {@r1}
 g - a scroll of poison
 i - 2 scrolls of blinking {!r}
Potions
 a - a potion of lignification {!q}
 d - 2 potions of magic {unknown}
 h - 2 potions of enlightenment {unknown}
 j - 3 potions of curing {unknown}
 l - a potion of brilliance {unknown}
 m - a potion of mutation {unknown}
 n - a potion of haste {unknown}

Dungeon Overview and Level Annotations

Branches:
Dungeon (4/15) Zot: 21718
 Temple: D:4-7

Altars:

#########
##########......$#
.........#.......#
........ooo......#
........h#.......#
###.####.#.......#
##.###.....#
#....#.o...#
#....# o...#
#....# w...#
#....# oo.# #....#
...# #....#


You could see 2 orc priests and an orc.


Message History

You tentacle-slap the bush but do no damage.
You tentacle-slap the bush but do no damage.
You tentacle-slap the bush. You tentacle-slap the bush.
You tentacle-slap the bush but do no damage.
You tentacle-slap the bush.
You tentacle-slap the bush but do no damage.
You squeeze the bush.
You tentacle-slap the bush but do no damage.
You squeeze the bush.
You tentacle-slap the bush but do no damage.
You squeeze the bush, but do no damage.
You tentacle-slap the bush but do no damage.
You tentacle-slap the bush but do no damage.
You bludgeon the bush! You squeeze the bush.
You tentacle-slap the bush but do no damage.
You squeeze the bush, but do no damage.
You tentacle-slap the bush but do no damage.
You squeeze the bush.
You tentacle-slap the bush but do no damage.
You tentacle-slap the bush but do no damage.
You squeeze the bush, but do no damage.
You tentacle-slap the bush but do no damage.
You squeeze the bush. You bludgeon the bush!
You tentacle-slap the bush, but do no damage.
You squeeze the bush.
You destroy the bush!
You tentacle-slap the plant.
The plant begins to die.
You grab the plant. You squeeze the plant! You constrict the plant.
You tentacle-slap the plant. You constrict the plant. You bludgeon the plant!
You constrict the plant.
You release your grip on the plant.
Partly explored, can't reach some places.
Partly explored, can't reach some places.
There is a stone staircase leading down here.
You climb downwards.
There is a stone staircase leading up here.
You open the door.
There is an open door here.
i - 2 scrolls of blinking {!r} (gained 1) Key pressed, stopping explore.
You open the door.
An orc and an orc priest come into view.
The orc moves out of view.
An orc priest is nearby!
Okay, then.
An orc priest comes into view. It is wielding a +0 short sword.
The orc priest shouts!
A worm comes into view.
An orc priest comes into view. It is wielding a +0 mace.
There is an open door here.
The orc priest shouts!
You tentacle-slap the orc. Your grab misses the orc.
The orc attacks as you move away! The orc barely misses you.
The orc priest looks braver for a moment.
An orc comes into view. It is wielding a +0 club.
There is an open door here.
The orc attacks as you move away! The orc misses you.
You tentacle-slap the orc but do no damage.
You grab the orc.
You constrict the orc, but do no damage.
The orc misses you.
You tentacle-slap the orc.
You kill the orc!
Things that are here:
a +0 short sword; a +0 leather armour You tentacle-slap the orc priest.
Your grab misses the orc priest. You tentacle-slap the orc priest.
Your grab misses the orc priest.
The orc priest hits you but does no damage.
The orc priest invokes the aid of Beogh against you.
Beogh smites you! 😮 HP[-11]
You take 11 damage, and now have 24/35 hp.
MASSIVE DAMAGE!! (PAUSE)
You closely miss the orc priest. Your grab misses the orc priest.
The orc priest hits you with a +0 short sword.
The orc priest hits you with a +0 mace. 😮 HP[-6]
You take 6 damage, and now have 18/35 hp.
You closely miss the orc priest. You grab the orc priest.
You constrict the orc priest. The orc priest misses you.
The orc priest barely misses you. 😮 HP[+1]
You tentacle-slap the orc priest. x2; You squeeze the orc priest.
You kill the orc priest!
The orc priest hits you with a +0 short sword.
* * * LOW HITPOINT WARNING * * *
😨 HP[-3]
You take 3 damage, and now have 16/35 hp.
You barely miss the orc priest. You grab the orc priest.
You constrict the orc priest. The orc priest barely misses you.
The orc misses you.
You tentacle-slap the orc priest. You constrict the orc priest.
The orc priest hits you with a +0 short sword.
* * * LOW HITPOINT WARNING * * *
The orc misses you.
The orc priest invokes the aid of Beogh against you.
Beogh smites you!
You die...

Skill      XL: |  1  2  3  4 |
---------------+-------------+-----
Fighting       | 2 |  2.5
Dodging        | 3 |  3.2
Unarmed Combat | |  3.9
Shapeshifting  | |  3.6

Action                     |  1- 3 |  4- 6 || total
---------------------------+-------+-------++-------
  Melee: Unarmed           |    70 |   141 ||   211
         Constrict         |    12 |    16 ||    28
         Tentacles         |     6 |    43 ||    49
         Punch             |     1 |     7 ||     8
    Use: Scroll            |       |     3 ||     3
   Stab: Sleeping          |     4 |     4 ||     8
 Armour: Skin              |    10 |     4 ||    14
  Dodge: Dodged            |    55 |    32 ||    87

Levels and vault maps discovered:
D:1:      lemuel_arrival_behind_the_door_small, layout_rooms
D:2:      layout_basic, grunt_ministairs_5, serial_bayou_pond_e
D:3:      layout_loops_cross, serial_forest, infiniplex_forest_straight_3,
          infiniplex_forest_clump_large, infiniplex_forest_end_double,
          infiniplex_forest_lined_corner, infiniplex_forest_lined_room_2,
          infiniplex_forest_corner_1, minmay_curled_crystal, uniq_jessica
D:4:      layout_gridville, minmay_temple_entry_waves

Notes
Turn   | Place    | Note
-------+----------+-------------------------------------------
     0 | D:1      | spiderkeys the Octopode Shapeshifter began the quest for
                  | the Orb.
     0 | D:1      | Reached XP level 1. HP: 13/13 MP: 1/1
     0 | D:1      | magus.rc [v1.11.6]
    70 | D:1      | You add the spells Lesser Beckoning, Gell's Gravitas and
                  | Teleport Other to your library.
   129 | D:1      | HP: 1/13 [ball python (3)]
   130 | D:1      | Reached XP level 2. HP: 1/18 MP: 2/2
   383 | D:1      | Reached XP level 3. HP: 9/23 MP: 3/3
   455 | D:1      | You add the spells Wereblood and Irradiate to your library.
   798 | D:2      | You add the spells Sandblast, Passwall and Stone Arrow to
                  | your library.
  1043 | D:2      | Reached XP level 4. HP: 29/29 MP: 4/4
  1110 | D:2      | Reached skill level 2 in Fighting
  1752 | D:3      | Noticed Jessica
  1757 | D:3      | Killed Jessica
  1758 | D:3      | Reached skill level 3 in Dodging
  1758 | D:3      | Reached XP level 5. HP: 35/35 MP: 5/5
  2011 | D:3      | You add the spells Static Discharge, Airstrike and Summon
                  | Lightning Spire to your library.
  2295 | D:4      | Killed from afar by an orc priest

Vanquished Creatures
  An orc priest (D:4)
  Jessica (D:3)
  An orc wizard (D:3)
  An adder (D:2)
  A worm (D:2)
  A dart slug (D:2)
  4 orcs
  6 ball pythons
  11 bats
  4 endoplasms
  A giant cockroach (D:1)
  2 hobgoblins
  3 quokkas
  2 frilled lizards (D:1)
  9 goblins
  7 kobolds
  7 rats
62 creatures vanquished.

Table legend:
 A = Non-vault XP
 B = Vault XP
 C = Vault XP percentage of total XP
 D = Non-vault monster count
 E = Vault monster count
 F = Vault count percentage of total count
                 A         B        C        D         E       F
            +---------+---------+-------+---------+---------+-------
      Total |     190 |      40 |  17.4 |      59 |       3 |   4.8
            +---------+---------+-------+---------+---------+-------
        D:1 |      44 |       0 |   0.0 |      28 |       0 |   0.0
        D:2 |      42 |       3 |   6.7 |      16 |       2 |  11.1
        D:3 |      60 |      37 |  38.1 |      13 |       1 |   7.1
        D:4 |      44 |       0 |   0.0 |       2 |       0 |   0.0
            +---------+---------+-------+---------+---------+-------

Skill      XL: |  1  2  3  4 |
---------------+-------------+-----
Fighting       | 2 |  2.5
Dodging        | 3 |  3.2
Unarmed Combat | |  3.9
Shapeshifting  | |  3.6

Action                     |  1- 3 |  4- 6 || total
---------------------------+-------+-------++-------
  Melee: Unarmed           |    70 |   141 ||   211
         Constrict         |    12 |    16 ||    28
         Tentacles         |     6 |    43 ||    49
         Punch             |     1 |     7 ||     8
    Use: Scroll            |       |     3 ||     3
   Stab: Sleeping          |     4 |     4 ||     8
 Armour: Skin              |    10 |     4 ||    14
  Dodge: Dodged            |    55 |    32 ||    87

Illustrated notes

Table legend:
 A = Kills in this place as a percentage of kills in the entire game.
 B = Kills by you in this place as a percentage of kills by you in the entire game.
 C = Kills by friends in this place as a percentage of kills by friends in the entire game.
 D = Other kills in this place as a percentage of other kills in the entire game.
 E = Experience gained in this place as a percentage of experience gained in the entire game.
 F = Experience gained in this place divided by the number of levels of this place that you have seen.
                   A       B       C       D       E      F
               +-------+-------+-------+-------+-------+----------------------
         Total | 100.0 | 100.0 |   N/A |   N/A | 100.0 |  57.5
       Dungeon | 100.0 | 100.0 |   N/A |   N/A | 100.0 |  57.5
               +-------+-------+-------+-------+-------+----------------------

Table legend: (Time is in decaauts)
 A = Elapsed time spent in this place.
 B = Non-inter-level travel time spent in this place.
 C = Inter-level travel time spent in this place.
 D = Time resting spent in this place.
 E = Time spent auto-exploring this place.
 F = Levels seen in this place.
 G = Mean time per level.
                   A        B        C        D        E       F      G
               +--------+--------+--------+--------+--------+-----+--------+
         Total |   2280 |   2216 |     64 |      2 |   1770 |   4 |  570.0 |
       Dungeon |   2280 |   2216 |     64 |      2 |   1770 |   4 |  570.0 |
               +--------+--------+--------+--------+--------+-----+--------+

Top non-repeatable levels by time:
     D:3: 890 daAuts
     D:1: 701 daAuts
     D:2: 646 daAuts
     D:4: 43 daAuts
